 Dungeon Crawl Stone Soup version 0.22-a0-880-gb7b0c8b (webtiles) character file.

245 patman the Skirmisher (level 6, -1/52 HPs)
             Began as a Barachi Abyssal Knight on July 5, 2018.
             Was a Believer of Lugonu.
             Slain by a quokka (2 damage)
             ... on level 4 of the Dungeon on July 30, 2018.
             The game lasted 00:06:18 (4216 turns).

patman the Skirmisher (Barachi Abyssal Knight)      Turns: 4216, Time: 00:06:19

Health: -1/52      AC:  7    Str: 13    XL:     6   Next: 10%
Magic:  7/7        EV: 11    Int: 12    God:    Lugonu [**....]
Gold:   280        SH:  0    Dex: 14    Spells: 5/5 levels left

rFire    . . .     SeeInvis .   a - +1 short sword
rCold    . . .     Gourm    .   (no shield)
rNeg     . . .     Faith    .   h - +0 ring mail
rPois    .         Spirit   .   k - +0 helmet
rElec    .         Reflect  .   (no cloak)
rCorr    .         Harm     .   (no gloves)
MR       .....                  (no boots)
Stlth    +.........             (no amulet)
HPRegen  0.17/turn              (no ring)
MPRegen  0.10/turn              (no ring)

@: fainting, slow
A: +LOS, swims, slowness 1, strong legs 1
a: Hop, Depart the Abyss, Bend Space, Renounce Religion


You were on level 4 of the Dungeon.
You worshipped Lugonu.
Lugonu was pleased with you.
You were fainting.

You visited 1 branch of the dungeon, and saw 4 of its levels.
You visited the Abyss 1 time.

You collected 280 gold pieces.

Inventory:

Hand Weapons
 a - a +1 short sword (weapon)
 q - a +0 quarterstaff
 r - a +0 hand axe of flaming
 A - a +0 war axe
Missiles
 e - 222 stones (quivered)
Armour
 h - a +0 ring mail (worn)
 k - a +0 helmet (worn)
 w - a +0 chain mail
Jewellery
 m - an uncursed ring of ice
 z - an uncursed ring of ice
Wands
 b - a wand of enslavement (9)
Scrolls
 f - a scroll of magic mapping {unknown}
 i - 7 scrolls of remove curse
 l - a scroll of fear {unknown}
 p - a scroll of noise {unknown}
 v - a scroll of enchant weapon {unknown}
 y - a scroll of teleportation {unknown}
Potions
 d - 2 potions of ambrosia
 g - a potion of resistance
 j - 2 potions of heal wounds
 n - a potion of haste
 o - a potion of cancellation {unknown}
 s - a potion of lignification {unknown}
 t - 2 potions of invisibility
 u - a potion of degeneration {unknown}
 x - 2 potions of might {unknown}
Comestibles
 c - 8 rations


   Skills:
 * Level 6.1 Fighting
 - Level 2.1 Short Blades
 - Level 1.0 Staves
 * Level 4.9 Armour
 - Level 2.2 Dodging
 - Level 1.5 Invocations


You had 5 spell levels left.
You didn't know any spells.
Your spell library was empty.

Dungeon Overview and Level Annotations

Branches:
Dungeon (4/15)
 Temple: D:4-7

Altars:
Makhleb


Innate Abilities, Weirdness & Mutations

Shadows flee at your approach. (+LOS)
You can swim through water.
You cover ground slowly.
You can hop short distances.


Message History

The quokka bites you but does no damage.
The quokka bites you.
* * * LOW HITPOINT WARNING * * *
The quokka bites you but does no damage.
The quokka closely misses you. The quokka misses you.
The quokka bites you but does no damage.
The quokka closely misses you. The quokka barely misses you.
The quokka closely misses you. x2
The quokka completely misses you. The quokka misses you. The quokka bites you.
* * * LOW HITPOINT WARNING * * *
The quokka bites you but does no damage.
The quokka barely misses you. x2
The quokka bites you.
* * * LOW HITPOINT WARNING * * *
The quokka bites you.
You die...

######
############....########.
.........................
..........).....@r.......
############....########.
#.........# ## #.........#
.###########.........#
............##.......######
............##........[...#
............########......#
............# ###......#


You could see a quokka.

Vanquished Creatures
  A scorpion (D:4)
  A worker ant (D:4)
  6 adders
  An ooze (D:3)
  2 adder skeletons (D:4)
  2 worms
  11 dart slugs
  3 leopard geckos
  2 orcs (D:4)
  6 giant cockroaches
  7 hobgoblins
  A jackal (D:2)
  2 quokkas (D:2)
  2 ball pythons (D:1)
  5 bats
  9 frilled lizards
  8 goblins
  7 kobolds
  10 rats
86 creatures vanquished.

Notes
Turn   | Place    | Note
-------+----------+-------------------------------------------
     0 | Abyss:1  | patman the Barachi Abyssal Knight began the quest for the Orb.
     0 | Abyss:1  | Reached XP level 1. HP: 18/18 MP: 2/2
    30 | Abyss:2  | Noticed a large abomination
    41 | Abyss:4  | Found a corrupted altar of Lugonu.
    44 | Abyss:4  | Noticed a sky beast
    64 | D:1      | Escaped the Abyss
   315 | D:1      | Reached XP level 2. HP: 24/25 MP: 3/3
   328 | D:1      | Reached * piety under Lugonu
   328 | D:1      | Reached skill level 4 in Fighting
   842 | D:1      | Reached XP level 3. HP: 24/31 MP: 4/4
  1427 | D:2      | Reached XP level 4. HP: 29/38 MP: 5/5
  1625 | D:2      | Found a burning altar of Makhleb.
  1730 | D:2      | Reached skill level 5 in Fighting
  1745 | D:2      | Reached ** piety under Lugonu
  2570 | D:3      | Reached XP level 5. HP: 32/44 MP: 6/6
  2962 | D:4      | Reached skill level 1 in Staves
  3584 | D:4      | Reached skill level 6 in Fighting
  3584 | D:4      | Reached XP level 6. HP: 24/52 MP: 7/7
  4015 | D:4      | Upgraded the game from 0.22-a0-596-gfbd32a6 to 0.22-a0-880-gb7b0c8b
  4203 | D:4      | HP: 1/52 [quokka (3)]
  4212 | D:4      | HP: 1/52 [quokka (1)]
  4216 | D:4      | Slain by a quokka

Vault maps used:
D:1:      lightli_arrival_quake
D:2:      lemuel_crystal_altar, first_ration, minmay_joined_circles
D:3:      item_on_display_a
D:4:      kennysheep_slugbush, hangedman_decor_growths, minivault_11
Abyss:1:  serial_sigils_hangedman_gut
Abyss:3:  evilmike_abyss_exit_glass
Abyss:4:  gammafunk_abyss_rune_reverse_zot

Skill      XL: |  1  2  3  4  5 |
---------------+----------------+-----
Fighting       | 4 5 6 |  6.1
Dodging        | 2 |  2.2
Armour         | 3 4 |  4.9
Staves         | 1 |  1.0
Short Blades   | |  2.1
Invocations    | |  1.5

Action                   |  1- 3 |  4- 6 || total
-------------------------+-------+-------++-------
Melee: Short sword       |   153 |   211 ||   364
Throw: Stone             |     2 |     1 ||     3
Invok: Depart the Abyss  |     1 |       ||     1
  Use: Scroll            |       |     6 ||     6
  Eat: Chunk             |     2 |     4 ||     6
       Ration            |       |     1 ||     1
Armor: Leather armour    |    43 |       ||    43
       Ring mail         |     8 |   142 ||   150
Dodge: Dodged            |   118 |   218 ||   336

Table legend:
 A = Spawn XP
 B = Non-spawn XP
 C = Spawn XP percentage of total XP
 D = Spawn monster count
 E = Non-spawn monster count
 F = Spawn count percentage of total count
 G = Total turns spent on level
                    A         B        C        D         E        F      G
               +---------+---------+-------+---------+---------+-------+---------
         Total |       0 |     351 |   0.0 |       0 |      86 |   0.0 |  4216
               +---------+---------+-------+---------+---------+-------+---------
           D:1 |       0 |      35 |   0.0 |       0 |      23 |   0.0 |   815
           D:2 |       0 |     105 |   0.0 |       0 |      33 |   0.0 |  1270
           D:3 |       0 |      41 |   0.0 |       0 |      10 |   0.0 |   791
           D:4 |       0 |     170 |   0.0 |       0 |      20 |   0.0 |  1276
               +---------+---------+-------+---------+---------+-------+---------
